 Dungeon Crawl Stone Soup version 0.20.1-1-g8b1a95d66d (webtiles) character file.

6672 NixNut the Destroyer (level 11, -19/105 HPs)
             Began as an Ogre Fire Elementalist on Dec 27, 2017.
             Was a Believer of Vehumet.
             Demolished by an orc warrior
             ... wielding a cursed +0 glaive
              (22 damage)
             ... on level 2 of the Orcish Mines.
             The game lasted 02:12:05 (15624 turns).

NixNut the Destroyer (Ogre Fire Elementalist)      Turns: 15624, Time: 02:12:05

Health: -19/105    AC:  6    Str: 14    XL:     11   Next: 3%
Magic:  1/24       EV: 10    Int: 26    God:    Vehumet [**....]
Gold:   352        SH:  0    Dex:  9    Spells: 13/29 levels left

rFire    . . .     SeeInvis .   t - +1 quarterstaff (speed)
rCold    . . .     Gourm    .   (shield currently unavailable)
rNeg     . . .     Faith    .   G - +2 robe {MR+}
rPois    .         Spirit   .   (helmet restricted)
rElec    .         Reflect  .   J - +0 cloak
rCorr    +         Harm     .   (gloves unavailable)
MR       ++...                  (boots unavailable)
Stlth    +.........             (no amulet)
Regen    0.3/turn               j - +5 ring of intelligence
MPRegen  0.2/turn               K - ring of resist corrosion

@: no status effects
A: unfitting armour, blurry vision 1, clever 1, tough skin 1
a: Renounce Religion


You were on level 2 of the Orcish Mines.
You worshipped Vehumet.
Vehumet was pleased with you.
You were not hungry.

You visited 3 branches of the dungeon, and saw 13 of its levels.
You also visited: Ossuary.

You collected 429 gold pieces.
You spent 77 gold pieces at shops.

Inventory:

Hand Weapons
 p - a +0 dagger of holy wrath
 t - a +1 quarterstaff of speed (weapon)
 x - a +0 trident
Missiles
 g - 330 stones (quivered)
 m - 4 needles of sleeping
Armour
 a - a +0 robe
 k - a +0 robe
 w - a +1 robe
 G - a +2 robe of magic resistance (worn)
 J - a +0 cloak (worn)
 N - a +0 troll leather armour
Jewellery
 j - a +5 ring of intelligence (left hand)
 K - a ring of resist corrosion (right hand)
Wands
 y - a wand of confusion (10/48)
 B - a wand of acid (7/15)
 F - a wand of confusion (33/48)
 L - a wand of polymorph (6/24)
 M - a wand of confusion (24/48)
Scrolls
 f - 2 scrolls of enchant armour
 h - 7 scrolls of identify
 n - 3 scrolls of amnesia
 o - 2 scrolls of remove curse
 q - 2 scrolls of enchant weapon
 s - 2 scrolls of magic mapping {unknown}
 u - 2 scrolls of teleportation
 v - 2 scrolls of noise {unknown}
 C - 3 scrolls of recharging
 I - 2 scrolls of immolation {unknown}
Potions
 d - 2 potions of ambrosia {unknown}
 e - 3 potions of mutation
 i - 3 potions of invisibility
 z - 3 potions of curing
 A - 3 potions of heal wounds {unknown}
 D - 2 potions of brilliance
Books
 b - a book of Flames

   Spells                             Type                      Level
   a - Flame Tongue                   Conjuration/Fire             1
   b - Throw Flame                    Conjuration/Fire             2
   c - Conjure Flame                  Conjuration/Fire             3
   d - Inner Flame                    Hexes/Fire                   3
   e - Sticky Flame                   Conjuration/Fire             4
   f - Fireball                       Conjuration/Fire             5
 l - a book of Maledictions

   Spells                             Type                      Level
   a - Corona                         Hexes                        1
   b - Ensorcelled Hibernation        Hexes/Ice                    2
   c - Confuse                        Hexes                        3
   d - Tukima's Dance                 Hexes                        3
   e - Dazzling Spray                 Conjuration/Hexes            3
 r - a book of Misfortune

   Spells                             Type                      Level
   a - Confusing Touch                Hexes                        1
   b - Confuse                        Hexes                        3
   c - Gell's Gravitas                Translocation                3
   d - Petrify                        Transmutation/Earth          4
   e - Metabolic Englaciation         Hexes/Ice                    5
   f - Yara's Violent Unravelling     Hexes/Transmutation          5
Comestibles
 c - 2 bread rations
 E - 2 royal jellies
 H - 9 fruits


   Skills:
 - Level 6.1 Fighting
 - Level 2.4 Dodging
 - Level 1.4 Stealth
 + Level 9.5 Spellcasting
 + Level 10.3 Conjurations
 + Level 0.5 Hexes
 - Level 6.7 Fire Magic


You had 13 spell levels left.
You knew the following spells:

 Your Spells              Type           Power        Failure   Level  Hunger
a - Flame Tongue          Conj/Fire      #####        1%          1    None
b - Throw Flame           Conj/Fire      ######       1%          2    None
c - Conjure Flame         Conj/Fire      ######..     1%          3    None
d - Sticky Flame          Conj/Fire      ######..     1%          4    #......
e - Fireball              Conj/Fire      ######....   4%          5    ####...
f - Confusing Touch       Hex            ###...       4%          1    None


Dungeon Overview and Level Annotations

Branches:
Dungeon (10/15)            Temple (1/1) D:5            Lair (0/6) D:8
    Orc (2/2) D:10
    Elf: Orc:2

Altars:
Ashenzari
Cheibriados
Dithmenos
Elyvilon
Fedhas
Gozag
Hepliaklqana
Kikubaaqudgha
Makhleb
Nemelex Xobeh
Okawaru
Qazlal
Ru
Sif Muna
Trog
Uskayaw
Vehumet
Xom
Yredelemnul
Zin
The Shining One

Shops:
D:6 ?


Innate Abilities, Weirdness & Mutations

You are too large for most types of armour.
You have tough skin. (AC +1)
Scrolls take you a little longer to read.
Your mind is acute. (Int +2)


Message History

Press: ? - help, Shift-Dir - straight line, f - orc high priest, p - orc warrior
Aim: an orc high priest, wielding a short sword and wearing a ring mail The bolt of acid hits the orc warrior.
The orc warrior is splashed with acid.
The acid corrodes the orc warrior!
The orc warrior is almost dead.
The bolt of acid hits the orc high priest.
The orc high priest is splashed with acid.
The acid corrodes the orc high priest!
The orc high priest is lightly wounded.
This wand has 7 charges left.
The orc warrior hits you from afar with a glaive!
* * * LOW HITPOINT WARNING * * *
The orc warrior hits you with a morningstar!
* * * LOW HITPOINT WARNING * * *
Really read with blurry vision while enemies are nearby?
Uppercase [Y]es or [N]o only, please.
Really read with blurry vision while enemies are nearby?
You begin reading the scroll.
You continue reading the scroll.
The orc warrior hits you from afar with a glaive!!
You die...

### ####
#####.##.#.##
..#..#@.......#
.......#o##...#
#..#..#..o....#
#......#o4...##
##......##o$...#
#..........(...#
##..#.....)).#..##
#..........).....#.
......C...).........


You could see 2 orc high priests, an ice devil and 2 orc warriors.

Vanquished Creatures
  A two-headed ogre (D:8)
  Pikel (D:8)
  The ghost of Jynx the Changer, a novice DrTm (D:6)
  A troll (D:8)
  Grinder (D:3)
  A hungry ghost (D:8)
  A steam dragon (D:8)
  4 wargs
  7 orc warriors
  An ice beast (D:6)
  3 slaves (D:8)
  A sky beast (D:5)
  8 ogres
  A centaur (D:7)
  5 bullfrogs
  3 scorpions
  A water moccasin skeleton (D:7)
  3 howler monkeys
  3 crimson imps
  A bullfrog zombie (D:5)
  4 centaur zombies
  4 hounds
  2 human zombies (Ossuary)
  9 orc priests
  3 bullfrog skeletons
  14 orc wizards
  Terence (D:2)
  2 iguanas
  8 worker ants
  Ijyb (D:5)
  A big kobold zombie (Ossuary)
  3 mummies
  Robin (D:3)
  A worker ant zombie (D:6)
  9 adders
  3 oozes
  2 adder zombies (D:8)
  2 worms
  3 dart slugs
  8 leopard geckos
  42 orcs
  11 bats
  10 giant cockroaches
  18 hobgoblins
  6 jackals
  A quokka (D:6)
  2 ball pythons
  5 frilled lizards
  12 goblins
  A goblin zombie (D:6)
  11 hobgoblin zombies (Ossuary)
  2 jackal zombies (Ossuary)
  13 kobolds
  10 kobold zombies
  7 orc zombies (Ossuary)
  6 rats
  3 rat zombies (Ossuary)
289 creatures vanquished.

Vanquished Creatures (others)
  A slave (D:8)
  A killer bee (D:8)
  A hound skeleton (D:4)
3 creatures vanquished.

Grand Total: 292 creatures vanquished

Notes
Turn   | Place    | Note
-------+----------+-------------------------------------------
     0 | D:1      | NixNut the Ogre Fire Elementalist began the quest for the Orb.
     0 | D:1      | Reached XP level 1. HP: 16/16 MP: 3/3
    31 | D:1      | Reached skill level 1 in Conjurations
   260 | D:1      | Reached XP level 2. HP: 24/24 MP: 3/5
   475 | D:1      | Learned a level 2 spell: Throw Flame
   707 | D:1      | Reached XP level 3. HP: 31/31 MP: 2/7
  1951 | D:2      | Noticed Terence
  2135 | D:2      | Killed Terence
  2135 | D:2      | Reached skill level 2 in Conjurations
  2135 | D:2      | Reached XP level 4. HP: 13/39 MP: 0/9
  2138 | D:2      | HP: 1/39 [goblin/stone (1)]
  2609 | D:3      | Noticed Robin
  3716 | D:3      | Found a shattered altar of Ashenzari.
  3729 | D:3      | Found an iron altar of Okawaru.
  3855 | D:3      | Found a glowing golden altar of the Shining One.
  4103 | D:3      | Reached skill level 3 in Conjurations
  4103 | D:3      | Reached XP level 5. HP: 45/45 MP: 5/10
  4219 | D:3      | Reached skill level 1 in Fighting
  4562 | D:3      | Killed Robin
  4781 | D:3      | Learned a level 3 spell: Conjure Flame
  4995 | D:3      | Noticed Grinder
  5037 | D:3      | Paralysed by Grinder for 7 turns
  5105 | D:3      | Paralysed by Grinder for 2 turns
  5111 | D:3      | Killed Grinder
  5111 | D:3      | Reached skill level 5 in Spellcasting
  5111 | D:3      | Reached XP level 6. HP: 25/59 MP: 0/13
  5602 | D:4      | Reached XP level 7. HP: 67/67 MP: 6/14
  6082 | D:5      | Entered Level 5 of the Dungeon
  6319 | D:4      | Found a stormy altar of Qazlal.
  6453 | D:4      | Reached skill level 5 in Fire Magic
  6457 | D:4      | Reached skill level 4 in Conjurations
  6893 | D:4      | Reached XP level 8. HP: 75/75 MP: 4/15
  7432 | D:5      | Gained mutation: You expend magic power (3 MP) to strengthen your wands. [mutagenic meat]
  7555 | D:5      | Found a shattered altar of Ashenzari.
  7555 | D:5      | Noticed Ijyb
  7586 | D:5      | Killed Ijyb
  7592 | D:5      | Learned a level 4 spell: Sticky Flame
  7714 | D:5      | Reached skill level 5 in Conjurations
  8366 | D:6      | Found a sand-covered staircase.
  8376 | Ossuary  | Entered an ossuary
  9612 | D:5      | Reached skill level 6 in Conjurations
  9710 | D:5      | Reached XP level 9. HP: 83/83 MP: 10/18
  9805 | D:5      | Found a staircase to the Ecumenical Temple.
  9857 | Temple   | Entered the Ecumenical Temple
 10009 | Temple   | Became a worshipper of Vehumet
 10657 | D:6      | Found a shimmering altar of Xom.
 10725 | D:6      | Found Musowory's Magic Scroll Shoppe.
 10732 | D:6      | Bought a scroll of identify for 22 gold pieces
 10732 | D:6      | Bought a scroll of teleportation for 33 gold pieces
 10732 | D:6      | Bought a scroll of identify for 22 gold pieces
 10756 | D:6      | Found a basalt altar of Yredelemnul.
 10757 | D:6      | Found a burning altar of Makhleb.
 10932 | D:6      | Noticed Jynx's ghost (novice DrTm)
 11173 | D:6      | Killed Jynx's ghost
 11173 | D:6      | Reached skill level 7 in Conjurations
 11663 | D:6      | Lost mutation: You expend magic power (3 MP) to strengthen your wands. [potion of mutation]
 11663 | D:6      | Gained mutation: You have a somewhat thin skeletal structure. (Dex +2, Stealth) [potion of mutation]
 11663 | D:6      | Gained mutation: Scrolls take you a little longer to read. [potion of mutation]
 11663 | D:6      | Lost mutation: You have a somewhat thin skeletal structure. (Dex +2, Stealth) [potion of mutation]
 11663 | D:6      | Gained mutation: Your mind is acute. (Int +2) [potion of mutation]
 11958 | D:7      | Learned a level 5 spell: Fireball
 12110 | D:7      | Found a white marble altar of Elyvilon.
 12145 | D:7      | Reached * piety under Vehumet
 12145 | D:7      | Offered knowledge of Sting by Vehumet.
 12372 | D:7      | Reached skill level 8 in Conjurations
 12592 | D:7      | Reached XP level 10. HP: 76/91 MP: 16/22
 14181 | D:8      | Noticed a two-headed ogre
 14182 | D:8      | Reached ** piety under Vehumet
 14191 | D:8      | Killed a two-headed ogre
 14191 | D:8      | Reached skill level 5 in Fighting
 14191 | D:8      | Reached skill level 9 in Conjurations
 14363 | D:8      | Found a staircase to the Lair.
 14380 | D:8      | Offered knowledge of Throw Frost by Vehumet.
 14394 | D:8      | Learned a level 1 spell: Confusing Touch
 14879 | D:8      | Noticed Pikel
 14890 | D:8      | Killed Pikel
 15264 | D:9      | Reached skill level 10 in Conjurations
 15400 | D:10     | Entered Level 10 of the Dungeon
 15440 | D:10     | Found a staircase to the Orcish Mines.
 15497 | Orc:1    | Entered Level 1 of the Orcish Mines
 15504 | Orc:2    | Entered Level 2 of the Orcish Mines
 15604 | Orc:2    | Noticed an orc high priest
 15604 | Orc:2    | Reached XP level 11. HP: 105/105 MP: 8/24
 15605 | Orc:2    | Noticed an orc high priest
 15606 | Orc:2    | Noticed a cyclops
 15622 | Orc:2    | HP: 3/105 [orc warrior/morningstar (11)]
 15624 | Orc:2    | Demolished by an orc warrior

Skill      XL: |  1  2  3  4  5  6  7  8  9 10 |
---------------+-------------------------------+-----
Conjurations   | 1 2 3 4 6 8 10 | 10.3
Fire Magic     | 3 4 5 6 |  6.7
Spellcasting   | 3 5 6 8 9 |  9.5
Fighting       | 2 3 6 |  6.1
Dodging        | 2 |  2.4
Stealth        | |  1.4
Hexes          | |  0.5

Action                   |  1- 3 |  4- 6 |  7- 9 | 10-12 || total
-------------------------+-------+-------+-------+-------++-------
Melee: Unarmed           |     1 |       |       |       ||     1
       Club              |     1 |       |       |       ||     1
       Trident           |       |     4 |       |       ||     4
       Quarterstaff      |       |       |    43 |    17 ||    60
 Cast: Flame Tongue      |    66 |   114 |   315 |   112 ||   607
       Throw Flame       |     8 |    17 |    50 |    22 ||    97
       Conjure Flame     |       |     4 |     6 |     5 ||    15
       Sticky Flame      |       |       |    12 |    11 ||    23
       Fireball          |       |       |     7 |    19 ||    26
       Confusing Touch   |       |       |       |     2 ||     2
Evoke: Wand              |       |       |     3 |     1 ||     4
  Use: Potion            |       |     1 |     1 |       ||     2
       Scroll            |       |     2 |    10 |       ||    12
  Eat: Bread ration      |     1 |     1 |     1 |       ||     3
       Meat ration       |       |     1 |     3 |     2 ||     6
       Fruit             |       |     1 |     5 |     1 ||     7
       Royal jelly       |       |       |     2 |     1 ||     3
       Chunk             |       |       |     1 |       ||     1
Armor: Robe              |     9 |    17 |    50 |    16 ||    92
Dodge: Dodged            |    21 |    38 |    70 |    27 ||   156
